Map: Royal Blood LE

Players

DESTROYER - Winner!

  • Race: Zerg Zerg
  • League: Silver
  • Spawn Location: 1:00

NeverGiveUp

  • Race: Zerg Zerg
  • League: Gold
  • Spawn Location: 7:00

VOD

Have the link to the VOD?

Description

Time

  • Played on: Feb. 26, 2023, 3:11 p.m.
  • Length: 17:43
Show
View Real Time Build Order
Export as new Build Order

DESTROYER Zerg - Winner!

Build Orders: Hatch First 

Get SALT Encoding   

  12  0:01  Drone  
  13  0:08  Drone  
  14  0:16  Overlord  
  14  0:36  Drone x3  
  17  0:53  Hatchery  
  16  1:02  Drone x2  
  18  1:05  Extractor  
  17  1:17  Spawning Pool  
  16  1:22  Drone  
  16  1:23  Drone  
  18  1:30  Drone  
  19  1:52  Overlord  
  19  1:53  Overlord  
  19  2:05  Zergling x2  
  19  2:07  Zergling x2  
  21  2:10  Queen x2  
  21  2:14  Zergling x2  
  26  2:18  Drone  
  27  2:24  Drone  
  28  2:42  Drone x3  
  31  2:50  Metabolic Boost  
  28  3:07  Zergling x10  
  33  3:13  Overlord  
  33  3:18  Drone  
  34  3:20  Drone x2  
  34  3:22  Overlord  
  36  3:33  Roach Warren  
  36  3:34  Drone x5  
  35  4:15  Roach  
  35  4:16  Roach x7  
  51  4:28  Zergling x2  
  51  4:29  Overlord x2  
  52  4:51  Drone  
  52  4:52  Drone x3  
  56  4:54  Drone  
  56  5:13  Zergling x6  
  49  5:23  Baneling Nest  
  49  5:26  Zergling x6  
  41  5:38  Queen  
  41  5:40  Zergling x2  
  41  5:41  Zergling x2  
  45  5:48  Zergling x4  
  47  5:50  Zergling x6  
  47  5:53  Zergling x2  
  51  6:06  Zergling x8  
  55  6:14  Baneling x5  
  55  6:15  Baneling x5  
  55  6:27  Overlord x2  
  55  6:29  Drone x4  
  59  6:40  Overlord x2  
  59  7:08  Roach  
  59  7:09  Roach x5  
  71  7:22  Extractor  
  70  7:29  Lair  
  70  7:33  Zergling x8  
  74  7:41  Baneling  
  75  7:44  Zergling x4  
  76  8:00  Roach x2  
  76  8:01  Zergling x2  
  76  8:02  Zergling x10  
  86  8:13  Drone  
  86  8:17  Extractor, Drone  
  60  9:32  Zergling x2  
  60  9:33  Zergling x14  
  60  9:34  Zergling x4  
  50  9:52  Baneling x3  
  50  9:53  Baneling x5  
  50  9:56  Roach x4  
  58  10:07  Extractor  
  58  10:13  Zergling x10  
  58  10:14  Zergling x6  
  65  10:15  Baneling x2  
  65  10:16  Baneling  
  65  10:20  Zergling x2  
  61  10:44  Baneling x4  
  61  10:45  Baneling x3  
  61  10:46  Zergling x4  
  61  10:47  Zergling x10  
  67  10:52  Zergling x2  
  67  10:53  Zergling x2  
  67  10:54  Zergling x4  
  71  11:02  Zergling x4  
  73  11:08  Hatchery  
  72  11:31  Zergling x14  
  59  12:22  Zergling x12  
  57  12:23  Zergling x6  
  58  12:33  Zergling x4  
  56  12:45  Baneling x6  
  56  12:46  Baneling x6  
  56  12:47  Baneling x3  
  56  12:48  Zergling x4  
  58  12:57  Queen  
  60  13:04  Zergling x2  
  60  13:05  Zergling x12  
  67  13:28  Roach x6, Hydralisk Den  
  67  13:29  Roach x4  
  86  13:57  Zergling x8  
  86  13:58  Zergling x8  
  86  14:01  Baneling x5  
  86  14:02  Baneling x2  
  94  14:07  Ravager  
  94  14:08  Ravager x2  
  97  14:11  Overlord x4  
  97  14:27  Overlord  
  97  14:28  Overlord x6  
  97  14:29  Overlord  
  97  14:31  Hydralisk x3  
  103  14:40  Drone x2  
  103  14:41  Drone  
  106  14:57  Spire  
  94  15:21  Hydralisk x6  
  94  15:22  Hydralisk x4  
  103  15:43  Zergling x8  
  107  15:51  Baneling x2  
  107  15:52  Baneling x4  
  45  16:19  Mutalisk x3  
  45  16:20  Mutalisk x3  
  40  16:51  Zergling x10  
  42  17:04  Zergling x6  
Show
View Real Time Build Order
Export as new Build Order

NeverGiveUp Zerg 

Build Orders: Hatch First 

Get SALT Encoding   

  12  0:00  Drone  
  13  0:08  Drone  
  14  0:16  Overlord  
  14  0:35  Drone x3  
  17  0:54  Hatchery  
  17  0:55  Drone  
  17  1:09  Spawning Pool  
  16  1:13  Extractor  
  16  1:14  Drone  
  16  1:18  Drone  
  17  1:21  Drone  
  18  1:29  Drone  
  19  1:41  Overlord  
  19  1:50  Drone  
  20  1:55  Queen  
  22  2:03  Drone  
  22  2:08  Queen, Drone  
  24  2:13  Metabolic Boost  
  26  2:17  Drone x2  
  28  2:27  Zergling x4  
  30  2:33  Overlord  
  30  2:43  Zergling x2  
  31  2:48  Hatchery, Zergling x2  
  31  3:10  Drone  
  31  3:11  Drone x6  
  38  3:22  Overlord  
  38  3:27  Drone x2  
  38  3:30  Drone x2  
  38  3:34  Hatchery  
  39  4:06  Zergling x18  
  46  4:12  Zergling x4  
  48  4:25  Hatchery  
  48  4:28  Hatchery  
  46  4:33  Drone  
  46  4:34  Drone x5  
  52  4:40  Extractor  
  52  4:45  Evolution Chamber x2  
  49  4:47  Zergling x2  
  49  4:48  Zergling x12  
  49  4:52  Spine Crawler  
  55  4:55  Spine Crawler  
  54  5:02  Zergling x6  
  54  5:03  Zergling x6  
  58  5:16  Drone x4  
  58  5:17  Drone x2  
  58  5:20  Drone x5  
  62  5:23  Zerg Melee Weapons Level 1  
  61  5:37  Extractor x2, Lair  
  61  5:41  Drone  
  61  5:42  Drone x5  
  65  5:44  Drone x3  
  65  5:45  Drone  
  65  5:47  Drone  
  65  5:49  Drone  
  71  6:02  Zerg Ground Armor Level 1  
  71  6:07  Spine Crawler  
  71  6:08  Spine Crawler  
  71  6:10  Drone  
  71  6:11  Drone x6  
  76  6:15  Overlord x2  
  76  6:43  Zergling x4  
  76  6:44  Zergling x10  
  83  6:50  Infestation Pit  
  83  6:52  Drone  
  83  6:53  Drone x6  
  89  6:55  Queen  
  91  7:01  Queen, Hatchery  
  91  7:07  Hatchery  
  91  7:12  Overlord x3  
  91  7:23  Zerg Melee Weapons Level 2  
  91  7:24  Hatchery  
  91  7:28  Hive, Spire  
  89  7:31  Zergling x2  
  89  7:32  Zergling x10  
  95  7:37  Drone x2  
  97  7:51  Drone x4  
  100  7:57  Zergling x2, Overlord x4  
  100  7:58  Overlord x2  
  102  7:59  Zerg Ground Armor Level 2  
  102  8:17  Spire  
  102  8:19  Drone x2  
  103  8:20  Extractor x2, Drone  
  103  8:21  Drone x2  
  103  8:22  Drone x3  
  103  8:26  Extractor x2, Drone x3  
  108  8:27  Drone  
  108  8:28  Drone x2  
  108  8:29  Drone x2  
  113  8:44  Zergling x2  
  113  8:45  Zergling x38  
  133  8:48  Adrenal Glands  
  112  9:05  Zergling x20  
  112  9:06  Zergling x10  
  108  9:10  Zergling x10  
  108  9:14  Spine Crawler  
  108  9:16  Spine Crawler  
  106  9:21  Zergling x2  
  106  9:22  Zergling x14  
  97  9:36  Drone  
  97  9:37  Drone x8  
  103  9:51  Hatchery  
  102  9:54  Zerg Melee Weapons Level 3  
  89  10:50  Zerg Flyer Weapons Level 1  
  89  10:51  Zerg Flyer Armor Level 1  
  89  10:59  Zerg Ground Armor Level 3  
  89  11:05  Spine Crawler  
  89  11:07  Spine Crawler x2  
  89  11:08  Drone, Spine Crawler x2  
  89  11:09  Drone x13, Spine Crawler x2  
  89  11:10  Spine Crawler  
  95  11:11  Spine Crawler  
  95  11:17  Spine Crawler x2  
  92  11:20  Drone, Spine Crawler  
  92  11:21  Drone x11, Spine Crawler  
  92  11:23  Spine Crawler x2  
  92  11:24  Spine Crawler  
  99  11:30  Drone x9, Spine Crawler  
  99  11:31  Drone x3, Spine Crawler x2  
  102  12:16  Zergling x12  
  102  12:17  Zergling x14  
  110  12:31  Zergling x18  
  110  12:33  Zergling x4  
  119  12:50  Drone x4, Spine Crawler  
  119  12:51  Drone x5, Spine Crawler  
  126  12:55  Spine Crawler x2  
  126  12:57  Drone x4, Spine Crawler x3  
  125  12:58  Spine Crawler  
  125  13:05  Spine Crawler  
  123  13:06  Spine Crawler  
  123  13:07  Spine Crawler  
  123  13:08  Spine Crawler  
  123  13:09  Spine Crawler  
  119  13:16  Drone  
  119  13:17  Drone x21  
  119  13:18  Drone  
  142  13:22  Spine Crawler  
  142  13:23  Spine Crawler  
  142  13:24  Spine Crawler x2  
  142  13:25  Spine Crawler x3  
  135  13:28  Spine Crawler x2  
  135  13:33  Spine Crawler  
  132  13:39  Spine Crawler  
  132  13:40  Spine Crawler  
  130  13:48  Zerg Flyer Weapons Level 2  
  130  13:49  Zerg Flyer Armor Level 2  
  130  14:13  Spine Crawler  
  130  14:14  Spine Crawler  
  130  14:15  Hatchery  
  127  14:27  Extractor  
  127  14:28  Overlord x5  
  127  14:29  Extractor  
  125  14:50  Drone x7  
  125  14:51  Drone x15  
  139  15:17  Zergling x24  
  139  15:18  Zergling x52  
  164  15:31  Zergling x2  
  164  15:32  Zergling x22  
  173  15:40  Spine Crawler x3  
  173  15:41  Spine Crawler  
  169  15:42  Spine Crawler  
  169  15:46  Spine Crawler  
  167  15:52  Zergling x2  
  167  15:53  Zergling x34  
  131  16:51  Mutalisk  
  131  16:52  Mutalisk x19  
  131  16:53  Mutalisk x7  
  183  17:02  Extractor x2  
  183  17:05  Drone x3  
  183  17:06  Drone  
  183  17:07  Drone x2  
  183  17:08  Drone x2  
Tags
 
Add a new tag
Caveats
  • Supply blocks, unpowered buildings, or Contaminate may cause inaccurate times.
  • Supply counts are checked every 10 seconds.